[Event "26th Bosnjaci Open 2022"]
[Site "Bosnjaci"]
[Date "2022.01.03"]
[Round "1.1"]
[White "Saric, Ante"]
[Black "Hasovic, Rasim"]
[Result "1-0"]
[ECO "A31"]
[WhiteElo "2530"]
[BlackElo "1832"]
[Annotator "ChessBase"]
[PlyCount "79"]
[EventDate "2022.01.03"]
[EventType "swiss"]
[EventCountry "CRO"]
[SourceTitle "playchess.com"]
[Source "ChessBase"]
[SourceQuality "1"]
[TimeControl "5400+30"]

1. Nf3 c5 2. c4 Nc6 3. d4 cxd4 4. Nxd4 e5 5. Nc2 Nf6 6. Nc3 d6 7. g3 Be6 8. Ne3 Nd4 9. Bg2 Qd7 10. Ned5 Nxd5 11. Nxd5 Rc8 12. e3 Nf5 13. Qb3 b6 14. a4 Rc5 15. Bd2 Ne7 16. O-O Nc6 17. Qd3 e4 18. Qxe4 Ne5 19. b3 Bf5 20. Qd4 Bh3 21. f4 Bxg2 22. Kxg2 Nc6 23. Qd3 Ne7 24. Bb4 Rc8 25. Rad1 Nxd5 26. Qxd5 Qc6 27. e4 Be7 28. Rf3 O-O 29. Qxc6 Rxc6 30. Rfd3 f6 31. Bxd6 Bxd6 32. Rxd6 Rc7 33. Rd7 Rfc8 34. Kf3 Kf8 35. e5 fxe5 36. fxe5 Ke8 37. e6 a5 38. Ke4 Rc6 39. Ke5 Rc5+ 40. R1d5 1-0

[Event "26th Bosnjaci Open 2022"]
[Site "Bosnjaci"]
[Date "2022.01.03"]
[Round "1.3"]
[White "Kovacevic, Blazimir"]
[Black "Bekcic, Martin"]
[Result "1-0"]
[ECO "D46"]
[WhiteElo "2399"]
[BlackElo "1823"]
[Annotator "ChessBase"]
[PlyCount "67"]
[EventDate "2022.01.03"]
[EventType "swiss"]
[EventCountry "CRO"]
[SourceTitle "playchess.com"]
[Source "ChessBase"]
[SourceQuality "1"]
[TimeControl "5400+30"]

1. d4 d5 2. c4 c6 3. Nc3 Nf6 4. e3 e6 5. Nf3 Bd6 6. Bd3 O-O 7. e4 dxe4 8. Nxe4 Nxe4 9. Bxe4 Bb4+ 10. Bd2 Bxd2+ 11. Qxd2 Nd7 12. O-O Nf6 13. Qf4 Nxe4 14. Qxe4 f6 15. Rfe1 Qd6 16. Qe3 Bd7 17. Nd2 b6 18. Rad1 Rae8 19. Qc3 Qc7 20. c5 b5 21. Ne4 a5 22. Nd6 Re7 23. Re4 a4 24. Rde1 Qb8 25. f4 f5 26. Re5 Qd8 27. b3 g6 28. bxa4 bxa4 29. Rb1 Bc8 30. Rb8 Qc7 31. Qb4 Ba6 32. Rxf8+ Kxf8 33. Qxa4 Bc8 34. Qa8 1-0

[Event "26th Bosnjaci Open 2022"]
[Site "Bosnjaci"]
[Date "2022.01.03"]
[Round "1.4"]
[White "Neferanovic, Robert"]
[Black "Zovko, Mario"]
[Result "0-1"]
[ECO "B10"]
[WhiteElo "1809"]
[BlackElo "2297"]
[Annotator "ChessBase"]
[PlyCount "58"]
[EventDate "2022.01.03"]
[EventType "swiss"]
[EventCountry "CRO"]
[SourceTitle "playchess.com"]
[Source "ChessBase"]
[SourceQuality "1"]
[TimeControl "5400+30"]

1. e4 c6 2. d3 d5 3. Nd2 g6 4. g3 Bg7 5. Bg2 e5 6. Ne2 Ne7 7. O-O O-O 8. Re1 Nd7 9. g4 Nc5 10. h3 f5 11. Ng3 fxg4 12. hxg4 Ne6 13. Ndf1 Nf4 14. Nh2 Qb6 15. Rf1 Be6 16. c3 Rad8 17. Qc2 dxe4 18. dxe4 Bc4 19. Be3 c5 20. b4 Bxf1 21. Bxf1 Qc7 22. Bxc5 b6 23. Be3 Nc6 24. Ne2 Kh8 25. Rb1 Nd4 26. Nxd4 exd4 27. Bxf4 Qxf4 28. c4 Be5 29. f3 d3 0-1

[Event "26th Bosnjaci Open 2022"]
[Site "Bosnjaci"]
[Date "2022.01.03"]
[Round "1.5"]
[White "Stocko, Josip"]
[Black "Topalic, Fran"]
[Result "1-0"]
[ECO "B12"]
[WhiteElo "2231"]
[BlackElo "1808"]
[Annotator "ChessBase"]
[PlyCount "31"]
[EventDate "2022.01.03"]
[EventType "swiss"]
[EventCountry "CRO"]
[SourceTitle "playchess.com"]
[Source "ChessBase"]
[SourceQuality "1"]
[TimeControl "5400+30"]

1. e4 c6 2. d4 d5 3. e5 c5 4. dxc5 e6 5. Bd3 Bxc5 6. Nf3 Ne7 7. O-O O-O 8. Bxh7+ Kxh7 9. Ng5+ Kg8 10. Qh5 Re8 11. Qh7+ Kf8 12. Qh8+ Ng8 13. Nh7+ Ke7 14. Bg5+ Nf6 15. Qxg7 Rg8 16. Bxf6+ 1-0

[Event "26th Bosnjaci Open 2022"]
[Site "Bosnjaci"]
[Date "2022.01.03"]
[Round "1.7"]
[White "Zadravec, Matija"]
[Black "Luketic, Ivan"]
[Result "1-0"]
[ECO "B50"]
[WhiteElo "2249"]
[BlackElo "1789"]
[Annotator "ChessBase"]
[PlyCount "89"]
[EventDate "2022.01.03"]
[EventType "swiss"]
[EventCountry "CRO"]
[SourceTitle "playchess.com"]
[Source "ChessBase"]
[SourceQuality "1"]
[TimeControl "5400+30"]

1. e4 c5 2. Nf3 d6 3. c3 g6 4. d4 Bg7 5. Bc4 e6 6. O-O Nd7 7. a4 Ne7 8. Bf4 Nb6 9. Be2 O-O 10. a5 Nd7 11. Bxd6 cxd4 12. cxd4 Nf6 13. e5 Nfd5 14. Nc3 Nxc3 15. bxc3 Re8 16. Qa4 a6 17. Qb4 Bf8 18. Qb2 Nc6 19. Bxf8 Kxf8 20. c4 Ne7 21. Rfd1 Kg8 22. Nd2 Rb8 23. Ne4 Rf8 24. Nf6+ Kg7 25. d5 Ng8 26. dxe6 Qe7 27. Nd7 Bxd7 28. exd7 Rfd8 29. Rd6 h5 30. Rad1 Kh7 31. Bf3 Nh6 32. Bxb7 Nf5 33. R6d5 Qg5 34. R5d3 Qg4 35. c5 Nh4 36. h3 Qg5 37. Rg3 Qe7 38. c6 Qc5 39. Qc3 Qb5 40. Qb3 Qxe5 41. Qxf7+ Kh8 42. Qd5 Qf4 43. Qd4+ Qxd4 44. Rxd4 Nf5 45. Rgd3 1-0

[Event "26th Bosnjaci Open 2022"]
[Site "Bosnjaci"]
[Date "2022.01.03"]
[Round "1.10"]
[White "Scevic, Antun"]
[Black "Vidovic, Sasa"]
[Result "0-1"]
[ECO "C42"]
[WhiteElo "1764"]
[BlackElo "2206"]
[Annotator "ChessBase"]
[PlyCount "69"]
[EventDate "2022.01.03"]
[EventType "swiss"]
[EventCountry "CRO"]
[SourceTitle "playchess.com"]
[Source "ChessBase"]
[SourceQuality "1"]
[TimeControl "5400+30"]

1. e4 d6 2. Nc3 Nf6 3. d3 e5 4. Nf3 c5 5. Bg5 Be6 6. Be2 h6 7. Bd2 Nc6 8. O-O g5 9. Ne1 g4 10. g3 h5 11. Ng2 Be7 12. Bg5 Nh7 13. Bxe7 Qxe7 14. Nh4 Ng5 15. Nd5 Bxd5 16. exd5 Nh3+ 17. Kg2 Nd4 18. c4 Nxe2 19. Qxe2 Qxh4 20. f4 Qe7 21. fxe5 Qxe5 22. Qxe5+ dxe5 23. Rae1 O-O-O 24. Rxe5 Rde8 25. Rff5 Rxe5 26. Rxe5 Kd7 27. Rf5 Re8 28. Rxh5 Re1 29. Rxh3 gxh3+ 30. Kxh3 Re2 31. b3 Rxa2 32. g4 Rd2 33. g5 a5 34. Kg3 Rxd3+ 35. Kg4 0-1

[Event "26th Bosnjaci Open 2022"]
[Site "Bosnjaci"]
[Date "2022.01.03"]
[Round "1.11"]
[White "Dutina, Dario"]
[Black "Tomljenovic, Mile"]
[Result "1-0"]
[ECO "C54"]
[WhiteElo "2197"]
[BlackElo "1764"]
[Annotator "ChessBase"]
[PlyCount "69"]
[EventDate "2022.01.03"]
[EventType "swiss"]
[EventCountry "CRO"]
[SourceTitle "playchess.com"]
[Source "ChessBase"]
[SourceQuality "1"]
[TimeControl "5400+30"]

1. e4 e5 2. Nf3 Nc6 3. Bc4 Bc5 4. O-O Nf6 5. d3 h6 6. c3 d6 7. b4 Bb6 8. a4 a6 9. Nbd2 Be6 10. Re1 Ng4 11. Re2 O-O 12. h3 Nf6 13. Nf1 Qd7 14. Ng3 Ne7 15. Bxe6 fxe6 16. d4 exd4 17. cxd4 Nc6 18. Rb1 e5 19. dxe5 Nxe5 20. Nxe5 dxe5 21. Qxd7 Nxd7 22. Bb2 Rae8 23. Rd1 Nb8 24. Nf5 Nc6 25. b5 axb5 26. axb5 Na5 27. Rc2 c6 28. bxc6 Nxc6 29. Rd7 Rf7 30. Rxf7 Kxf7 31. Nd6+ Ke7 32. Nxe8 Kxe8 33. Kf1 Ke7 34. Ba3+ Kf7 35. Rb2 1-0

[Event "26th Bosnjaci Open 2022"]
[Site "Bosnjaci"]
[Date "2022.01.03"]
[Round "1.12"]
[White "Milinkovic, Dominik"]
[Black "Nemec, Vjekoslav"]
[Result "0-1"]
[ECO "B06"]
[WhiteElo "1763"]
[BlackElo "2194"]
[Annotator "ChessBase"]
[PlyCount "46"]
[EventDate "2022.01.03"]
[EventType "swiss"]
[EventCountry "CRO"]
[SourceTitle "playchess.com"]
[Source "ChessBase"]
[SourceQuality "1"]
[TimeControl "5400+30"]

1. e4 g6 2. d4 Bg7 3. Nc3 d6 4. Be3 a6 5. Qd2 b5 6. f3 Bb7 7. O-O-O Nd7 8. g4 h6 9. h4 Ngf6 10. Nh3 Nb6 11. Bd3 Nfd7 12. Qf2 Rc8 13. Rhe1 b4 14. Ne2 c5 15. dxc5 dxc5 16. Ng3 Na4 17. h5 Nxb2 18. hxg6 fxg6 19. e5 Nxd3+ 20. Rxd3 Qa5 21. Rxd7 Kxd7 22. e6+ Ke8 23. c3 Qa3+ 0-1

[Event "26th Bosnjaci Open 2022"]
[Site "Bosnjaci"]
[Date "2022.01.04"]
[Round "2.2"]
[White "Tica, Sven"]
[Black "Kovacevic, Srecko"]
[Result "1-0"]
[ECO "A53"]
[WhiteElo "2419"]
[BlackElo "2026"]
[Annotator "ChessBase"]
[PlyCount "69"]
[EventDate "2022.01.03"]
[EventType "swiss"]
[EventCountry "CRO"]
[SourceTitle "playchess.com"]
[Source "ChessBase"]
[SourceQuality "1"]
[TimeControl "5400+30"]

1. d4 Nf6 2. c4 d6 3. Nc3 c6 4. g3 Qc7 5. Bg2 e5 6. Nf3 Be7 7. O-O O-O 8. h3 h6 9. e4 Nbd7 10. Be3 Re8 11. Rc1 Bf8 12. a3 g6 13. b4 exd4 14. Nxd4 Ne5 15. Qb3 Be6 16. Nxe6 fxe6 17. f4 Ned7 18. Rcd1 a6 19. e5 Nh7 20. Qc2 d5 21. Qxg6+ Bg7 22. cxd5 cxd5 23. Rc1 Nhf8 24. Qd3 Qd8 25. Bf3 Rc8 26. Bh5 Re7 27. Na4 b5 28. Nc5 Nxc5 29. Bxc5 Rd7 30. Bg4 Rdc7 31. Bb6 Rxc1 32. Bxd8 Rxf1+ 33. Kxf1 Rxd8 34. Qd4 Rc8 35. Qb6 1-0

[Event "26th Bosnjaci Open 2022"]
[Site "Bosnjaci"]
[Date "2022.01.04"]
[Round "2.3"]
[White "Pasalic, Adnan"]
[Black "Kovacevic, Blazimir"]
[Result "0-1"]
[ECO "A92"]
[WhiteElo "1983"]
[BlackElo "2399"]
[Annotator "ChessBase"]
[PlyCount "72"]
[EventDate "2022.01.03"]
[EventType "swiss"]
[EventCountry "CRO"]
[SourceTitle "playchess.com"]
[Source "ChessBase"]
[SourceQuality "1"]
[TimeControl "5400+30"]

1. d4 e6 2. c4 f5 3. Nf3 Nf6 4. g3 Be7 5. Bg2 O-O 6. O-O Ne4 7. Nc3 Nxc3 8. bxc3 Nc6 9. a4 Na5 10. Nd2 d6 11. f4 e5 12. Nb3 c6 13. c5 e4 14. cxd6 Bxd6 15. Nxa5 Qxa5 16. Qb3+ Qd5 17. Rb1 b6 18. Rd1 Ba6 19. Bf1 Bc4 20. Qc2 b5 21. e3 Rab8 22. Bd2 Rfc8 23. Bxc4 bxc4 24. Rxb8 Rxb8 25. Rb1 Rb3 26. Rxb3 cxb3 27. c4 bxc2 28. cxd5 cxd5 29. Bc1 Kf7 30. Kf1 Bb4 31. Ke2 Ke6 32. h3 Kd7 33. g4 g6 34. Kf2 Kc6 35. gxf5 gxf5 36. Kg3 Be1+ 0-1

[Event "26th Bosnjaci Open 2022"]
[Site "Bosnjaci"]
[Date "2022.01.04"]
[Round "2.4"]
[White "Zovko, Mario"]
[Black "Pestek, Elvis"]
[Result "1-0"]
[ECO "C06"]
[WhiteElo "2297"]
[BlackElo "2005"]
[Annotator "ChessBase"]
[PlyCount "95"]
[EventDate "2022.01.03"]
[EventType "swiss"]
[EventCountry "CRO"]
[SourceTitle "playchess.com"]
[Source "ChessBase"]
[SourceQuality "1"]
[TimeControl "5400+30"]

1. e4 e6 2. d4 d5 3. Nd2 Nf6 4. e5 Nfd7 5. Bd3 c5 6. c3 Nc6 7. Ne2 Qb6 8. Nf3 Be7 9. O-O O-O 10. Re1 f5 11. exf6 Nxf6 12. Nf4 Nd8 13. Ne5 cxd4 14. cxd4 Nf7 15. Bc2 Nd6 16. Rb1 Nf5 17. Bxf5 exf5 18. Neg6 Bb4 19. Nxf8 Bxe1 20. Qxe1 Kxf8 21. Qd1 Be6 22. Be3 Bf7 23. Nd3 Rc8 24. Ne5 Kg8 25. h3 h6 26. Rc1 Qe6 27. Rc2 Rxc2 28. Qxc2 Ne8 29. Qc5 a6 30. Bd2 Qd6 31. Qc8 Qe7 32. Qxf5 Be6 33. Qg6 Kh8 34. f4 Bg8 35. Qxh6+ gxh6 36. Ng6+ Kg7 37. Nxe7 Bf7 38. Nf5+ Kg6 39. g4 Be6 40. Ng3 Kh7 41. Bb4 Nf6 42. Kf2 Ne4+ 43. Nxe4 dxe4 44. Ke3 Bd5 45. f5 h5 46. g5 Bc6 47. Kf4 Kg7 48. h4 1-0

[Event "26th Bosnjaci Open 2022"]
[Site "Bosnjaci"]
[Date "2022.01.04"]
[Round "2.5"]
[White "Dvorski, Renato"]
[Black "Stocko, Josip"]
[Result "0-1"]
[ECO "D00"]
[WhiteElo "1972"]
[BlackElo "2231"]
[Annotator "ChessBase"]
[PlyCount "94"]
[EventDate "2022.01.03"]
[EventType "swiss"]
[EventCountry "CRO"]
[SourceTitle "playchess.com"]
[Source "ChessBase"]
[SourceQuality "1"]
[TimeControl "5400+30"]

1. d4 Nf6 2. e3 d5 3. Bd3 g6 4. c3 Bg7 5. f4 O-O 6. Nf3 b6 7. Ne5 Ba6 8. O-O Bxd3 9. Qxd3 c5 10. Nd2 Qc8 11. b3 Qa6 12. Bb2 Rc8 13. Qxa6 Nxa6 14. Rac1 Rc7 15. a3 Ne8 16. Nd3 Nd6 17. b4 Rac8 18. Rfe1 e6 19. Kf1 h6 20. Ke2 f6 21. g3 g5 22. Rf1 cxd4 23. cxd4 Nc4 24. Rc2 Nb8 25. Rfc1 Nd7 26. Nxc4 dxc4 27. Nf2 gxf4 28. gxf4 f5 29. Kf3 Nf6 30. Bc3 Nd5 31. Rg1 Kh7 32. Nd1 b5 33. Rcg2 Bf6 34. Rg6 Rg7 35. Rxg7+ Bxg7 36. Rg2 Bf6 37. Rc2 Bh4 38. Rg2 Be7 39. Rc2 a5 40. Rb2 axb4 41. Bxb4 Bxb4 42. axb4 Ra8 43. Ke2 Ra3 44. Rb1 Kg6 45. h3 Kh5 46. Kd2 Kh4 47. Rc1 Kxh3 0-1

[Event "26th Bosnjaci Open 2022"]
[Site "Bosnjaci"]
[Date "2022.01.04"]
[Round "2.6"]
[White "Bobanac, Miro"]
[Black "Dubrovic, Mihovil"]
[Result "1-0"]
[ECO "A05"]
[WhiteElo "2261"]
[BlackElo "1975"]
[Annotator "ChessBase"]
[PlyCount "75"]
[EventDate "2022.01.03"]
[EventType "swiss"]
[EventCountry "CRO"]
[SourceTitle "playchess.com"]
[Source "ChessBase"]
[SourceQuality "1"]
[TimeControl "5400+30"]

1. Nf3 Nf6 2. b3 e6 3. Bb2 Be7 4. d4 b6 5. g3 Bb7 6. Bg2 d6 7. O-O Nbd7 8. Nbd2 O-O 9. c4 Ne4 10. Qc2 f5 11. d5 Nxd2 12. Nxd2 e5 13. Bh3 f4 14. Bf5 Nf6 15. Nf3 Bc8 16. Ng5 h6 17. Be6+ Bxe6 18. Nxe6 Qd7 19. gxf4 Rf7 20. Kh1 c6 21. e4 cxd5 22. exd5 Ne8 23. fxe5 dxe5 24. Bxe5 Bf6 25. f4 b5 26. Qg2 bxc4 27. bxc4 Rc8 28. c5 Nc7 29. Nxc7 Rxc7 30. c6 Qc8 31. Rac1 Bxe5 32. fxe5 Qa6 33. Rxf7 Rxf7 34. c7 Rf8 35. d6 Qa3 36. c8=Q Rxc8 37. Rxc8+ Kh7 38. Qc2+ 1-0

[Event "26th Bosnjaci Open 2022"]
[Site "Bosnjaci"]
[Date "2022.01.04"]
[Round "2.7"]
[White "Lacmanovic, Stipe"]
[Black "Zadravec, Matija"]
[Result "0-1"]
[ECO "B34"]
[WhiteElo "1963"]
[BlackElo "2249"]
[Annotator "ChessBase"]
[PlyCount "48"]
[EventDate "2022.01.03"]
[EventType "swiss"]
[EventCountry "CRO"]
[SourceTitle "playchess.com"]
[Source "ChessBase"]
[SourceQuality "1"]
[TimeControl "5400+30"]

1. e4 c5 2. Nf3 g6 3. d4 cxd4 4. Nxd4 Nc6 5. Nxc6 bxc6 6. Qd4 Nf6 7. e5 Nd5 8. e6 f6 9. c4 Nc7 10. exd7+ Bxd7 11. Be2 e5 12. Qe4 Bg7 13. O-O O-O 14. Rd1 Ne6 15. Be3 Rf7 16. f3 f5 17. Qd3 Nd4 18. Nc3 Rb8 19. b3 c5 20. Rac1 Bc6 21. Qd2 Rd7 22. Nd5 Kh8 23. Kh1 Bxd5 24. Bxd4 Ba8 0-1

[Event "26th Bosnjaci Open 2022"]
[Site "Bosnjaci"]
[Date "2022.01.04"]
[Round "2.8"]
[White "Sipic, Hrvoje"]
[Black "Lazic, Emanuel"]
[Result "1-0"]
[ECO "D02"]
[WhiteElo "2221"]
[BlackElo "1995"]
[Annotator "ChessBase"]
[PlyCount "63"]
[EventDate "2022.01.03"]
[EventType "swiss"]
[EventCountry "CRO"]
[SourceTitle "playchess.com"]
[Source "ChessBase"]
[SourceQuality "1"]
[TimeControl "5400+30"]

1. d4 Nf6 2. Nf3 c5 3. c3 d5 4. Bf4 e6 5. e3 Be7 6. h3 b6 7. Nbd2 O-O 8. Bd3 Bb7 9. O-O Nh5 10. Bh2 g6 11. Qe2 Bd6 12. Ne5 Ng7 13. f4 Qc7 14. Ndf3 f6 15. Ng4 c4 16. Bc2 Nd7 17. Qe1 Rae8 18. Nh6+ Kh8 19. g4 f5 20. Qh4 Be7 21. Ng5 Bxg5 22. fxg5 Qc6 23. Qg3 Rc8 24. Rf2 Ne8 25. Raf1 Qc7 26. Qh4 Qc6 27. gxf5 exf5 28. Nxf5 gxf5 29. Rxf5 Rg8 30. Rf7 Rxg5+ 31. Qxg5 Nef6 32. Qg7# 1-0

[Event "26th Bosnjaci Open 2022"]
[Site "Bosnjaci"]
[Date "2022.01.04"]
[Round "2.9"]
[White "Matanovic, Zlatko"]
[Black "Lalic, Kristijan"]
[Result "0-1"]
[ECO "D00"]
[WhiteElo "1952"]
[BlackElo "2215"]
[Annotator "ChessBase"]
[PlyCount "104"]
[EventDate "2022.01.03"]
[EventType "swiss"]
[EventCountry "CRO"]
[SourceTitle "playchess.com"]
[Source "ChessBase"]
[SourceQuality "1"]
[TimeControl "5400+30"]

1. d4 Nf6 2. Nf3 g6 3. Nc3 d5 4. Bg5 Bg7 5. e3 O-O 6. Bd3 c5 7. dxc5 Qa5 8. O-O Qxc5 9. Na4 Qa5 10. c3 Nc6 11. a3 e5 12. b4 Qc7 13. Bxf6 Bxf6 14. e4 dxe4 15. Bxe4 Bg7 16. Qb3 Be6 17. Bd5 Bxd5 18. Qxd5 Rad8 19. Qc4 Qd6 20. h3 h6 21. Rad1 Qe7 22. Nc5 Kh7 23. Rd2 Rxd2 24. Nxd2 Rd8 25. Nf3 b6 26. Ne4 Qd7 27. Ng3 f5 28. Qh4 e4 29. b5 Ne5 30. Nd4 Qd6 31. Ngxf5 gxf5 32. Nxf5 Qd3 33. Nxg7 Kxg7 34. Qe7+ Nf7 35. Re1 Rd5 36. Rxe4 Rxb5 37. Rg4+ Rg5 38. Rf4 Qd5 39. g4 b5 40. a4 a6 41. axb5 axb5 42. Kh2 Rg6 43. Kg3 Rc6 44. Rf5 Qd6+ 45. Qxd6 Nxd6 46. Rd5 Ne4+ 47. Kf4 Nxc3 48. Rd7+ Kf6 49. h4 Rb6 50. Ke3 b4 51. Kd3 b3 52. Kxc3 b2 0-1

[Event "26th Bosnjaci Open 2022"]
[Site "Bosnjaci"]
[Date "2022.01.04"]
[Round "2.10"]
[White "Vidovic, Sasa"]
[Black "Damjanovic, Stjepan"]
[Result "1/2-1/2"]
[ECO "D00"]
[WhiteElo "2206"]
[BlackElo "2002"]
[Annotator "ChessBase"]
[PlyCount "176"]
[EventDate "2022.01.03"]
[EventType "swiss"]
[EventCountry "CRO"]
[SourceTitle "playchess.com"]
[Source "ChessBase"]
[SourceQuality "1"]
[TimeControl "5400+30"]

1. d4 Nf6 2. Bg5 d5 3. Bxf6 exf6 4. e3 Bd6 5. Nf3 O-O 6. Be2 Be6 7. O-O Nd7 8. c4 c6 9. cxd5 cxd5 10. Nc3 f5 11. g3 Nf6 12. Qb3 b6 13. Rac1 Qe7 14. Ba6 Rad8 15. Rc2 Bb8 16. Rfc1 Ne4 17. Ne2 g5 18. Qa4 Qf6 19. Ne5 Bxe5 20. dxe5 Qxe5 21. Qd4 Qxd4 22. Nxd4 Nc5 23. Be2 a5 24. b3 Kg7 25. a3 Kf6 26. b4 axb4 27. axb4 Ne4 28. f3 Nd6 29. Rc6 Rc8 30. R1c2 Nc4 31. Bxc4 Rxc6 32. Nxc6 dxc4 33. b5 Ra8 34. Nd4 Ra4 35. Kf2 Bd5 36. Ke2 Ra3 37. Kd2 Rd3+ 38. Ke2 f4 39. gxf4 gxf4 40. Rd2 Rxe3+ 41. Kf2 Rd3 42. Ke2 Re3+ 43. Kf2 c3 44. Rc2 Rd3 45. Ne2 Rxf3+ 46. Ke1 Bb3 47. Rxc3 Rxc3 48. Nxc3 Kf5 49. Kf2 Kg4 50. Ne4 Bc4 51. Nd6 Be6 52. Ne4 h5 53. Nc3 Bb3 54. Ne4 h4 55. Nf6+ Kh3 56. Kg1 Be6 57. Ne4 Kg4 58. Kf2 f5 59. h3+ Kh5 60. Nc3 Bb3 61. Ke2 Kg5 62. Kf3 Bc2 63. Kf2 Bd3 64. Kf3 Bc4 65. Kf2 Bd3 66. Kf3 Bf1 67. Kf2 Bxh3 68. Nd5 Bg4 69. Nxb6 Bd1 70. Nc4 Ba4 71. b6 Bc6 72. Ne5 Bb7 73. Nf7+ Kg4 74. Ne5+ Kh5 75. Nd3 h3 76. Kg1 Kg4 77. Kh2 Kf3 78. Nc5 Ke2 79. Nxb7 f3 80. Nd6 f4 81. b7 f2 82. b8=Q f1=Q 83. Qb5+ Ke1 84. Qb4+ Ke2 85. Qc4+ Ke1 86. Qc1+ Ke2 87. Qc4+ Ke1 88. Qc1+ Ke2 1/2-1/2

[Event "26th Bosnjaci Open 2022"]
[Site "Bosnjaci"]
[Date "2022.01.04"]
[Round "2.12"]
[White "Nemec, Vjekoslav"]
[Black "Drmic, Bozo"]
[Result "1-0"]
[ECO "B41"]
[WhiteElo "2194"]
[BlackElo "1949"]
[Annotator "ChessBase"]
[PlyCount "55"]
[EventDate "2022.01.03"]
[EventType "swiss"]
[EventCountry "CRO"]
[SourceTitle "playchess.com"]
[Source "ChessBase"]
[SourceQuality "1"]
[TimeControl "5400+30"]

1. e4 c5 2. Nf3 e6 3. c4 Nc6 4. d4 cxd4 5. Nxd4 Qc7 6. Nc3 a6 7. Be3 Nf6 8. a3 Ne5 9. Be2 h5 10. h3 d6 11. Rc1 Bd7 12. f4 Nc6 13. Nf3 Be7 14. O-O Rc8 15. b4 O-O 16. Ng5 g6 17. Bd3 Qb8 18. Na4 Rcd8 19. Nb6 Bc8 20. b5 Na7 21. f5 Ne8 22. fxg6 fxg6 23. Rxf8+ Bxf8 24. Qf3 Qc7 25. Nxc8 Nxc8 26. Nxe6 Qe7 27. Nxd8 Qxd8 28. Rf1 1-0

[Event "26th Bosnjaci Open 2022"]
[Site "Bosnjaci"]
[Date "2022.01.04"]
[Round "2.13"]
[White "Dabic, Stjepan"]
[Black "Grubisic, Ivica"]
[Result "1-0"]
[ECO "D90"]
[WhiteElo "2161"]
[BlackElo "1929"]
[Annotator "ChessBase"]
[PlyCount "49"]
[EventDate "2022.01.03"]
[EventType "swiss"]
[EventCountry "CRO"]
[SourceTitle "playchess.com"]
[Source "ChessBase"]
[SourceQuality "1"]
[TimeControl "5400+30"]

1. d4 Nf6 2. c4 g6 3. Nc3 d5 4. Nf3 Bg7 5. h4 O-O 6. Bg5 c6 7. e3 Bg4 8. Be2 h6 9. Bxf6 Bxf6 10. cxd5 cxd5 11. Qb3 e6 12. Nd2 Bxe2 13. Kxe2 b6 14. f4 Nd7 15. Nf3 Bg7 16. g4 Nf6 17. Rag1 Ne4 18. Nxe4 dxe4 19. Nd2 Qd5 20. g5 h5 21. Qxd5 exd5 22. Rc1 Rac8 23. Nb1 Rfd8 24. Nc3 Bf8 25. Nxd5 1-0

[Event "26th Bosnjaci Open 2022"]
[Site "Bosnjaci"]
[Date "2022.01.04"]
[Round "2.14"]
[White "Saric, Kristina"]
[Black "Slobodjanac, Sinisa"]
[Result "1-0"]
[ECO "B00"]
[WhiteElo "2148"]
[BlackElo "1925"]
[Annotator "ChessBase"]
[PlyCount "79"]
[EventDate "2022.01.03"]
[EventType "swiss"]
[EventCountry "CRO"]
[SourceTitle "playchess.com"]
[Source "ChessBase"]
[SourceQuality "1"]
[TimeControl "5400+30"]

1. e4 b6 2. d4 Bb7 3. Bd3 e6 4. Nc3 Bb4 5. Nh3 Nf6 6. e5 Nd5 7. Qg4 g6 8. Bd2 Nxc3 9. bxc3 Be7 10. Bh6 Bf8 11. Bxf8 Kxf8 12. Ng5 f5 13. exf6 Qxf6 14. O-O Kg7 15. Rae1 Re8 16. f4 Nc6 17. d5 Nd8 18. c4 b5 19. Kh1 a5 20. Nxh7 Kxh7 21. f5 Kg8 22. fxe6 Qg7 23. e7 bxc4 24. Bxc4 d6 25. exd8=Q Raxd8 26. Re6 Bc8 27. Qg5 Bxe6 28. dxe6 Re7 29. Rf6 Rb8 30. h3 Kh7 31. Bd3 Rb1+ 32. Kh2 Qh6 33. Bxg6+ Kg7 34. Qf5 Rb8 35. Rf7+ Rxf7 36. Qxf7+ Kh8 37. e7 Qh4 38. e8=Q+ Rxe8 39. Qxe8+ Kg7 40. Qf7+ 1-0

[Event "26th Bosnjaci Open 2022"]
[Site "Bosnjaci"]
[Date "2022.01.04"]
[Round "2.15"]
[White "Begic, Domagoj"]
[Black "Vujnovic, Patricija"]
[Result "1/2-1/2"]
[ECO "C01"]
[WhiteElo "1816"]
[BlackElo "2138"]
[Annotator "ChessBase"]
[PlyCount "74"]
[EventDate "2022.01.03"]
[EventType "swiss"]
[EventCountry "CRO"]
[SourceTitle "playchess.com"]
[Source "ChessBase"]
[SourceQuality "1"]
[TimeControl "5400+30"]

1. e4 e6 2. Nf3 d5 3. exd5 exd5 4. d4 Nf6 5. Bd3 Be7 6. h3 O-O 7. O-O c5 8. c3 Nc6 9. dxc5 Bxc5 10. Nbd2 Re8 11. Nb3 Bb6 12. Bg5 Qd6 13. Qd2 Bc7 14. Rfe1 Bd7 15. Rxe8+ Rxe8 16. Re1 Ne5 17. Rxe5 Rxe5 18. Bf4 Re1+ 19. Nxe1 Qxf4 20. Qxf4 Bxf4 21. Nf3 Ne4 22. Kf1 b6 23. Ke1 Nc5 24. Nxc5 bxc5 25. b3 Kf8 26. Ke2 Ke7 27. c4 d4 28. Be4 Bd6 29. Kd3 a5 30. Ne1 f5 31. Bd5 g5 32. Ke2 h5 33. Nd3 f4 34. f3 Kf6 35. Be4 g4 36. hxg4 hxg4 37. Kf2 g3+ 1/2-1/2

[Event "26th Bosnjaci Open 2022"]
[Site "Bosnjaci"]
[Date "2022.01.04"]
[Round "3.2"]
[White "Dabic, Stjepan"]
[Black "Tica, Sven"]
[Result "0-1"]
[ECO "D37"]
[WhiteElo "2161"]
[BlackElo "2419"]
[Annotator "ChessBase"]
[PlyCount "76"]
[EventDate "2022.01.03"]
[EventType "swiss"]
[EventCountry "CRO"]
[SourceTitle "playchess.com"]
[Source "ChessBase"]
[SourceQuality "1"]
[TimeControl "5400+30"]

1. d4 d5 2. c4 e6 3. Nc3 h6 4. Nf3 Nf6 5. g3 Bd6 6. Bg2 O-O 7. O-O Nc6 8. b3 Re8 9. Bb2 Bd7 10. Re1 dxc4 11. bxc4 e5 12. c5 Bf8 13. Nxe5 Nxe5 14. dxe5 Ng4 15. Ne4 Nxe5 16. Rc1 Bc6 17. Qc2 Qe7 18. Nd2 Bxg2 19. Kxg2 Rad8 20. Nb3 Qe6 21. f4 Nc6 22. a3 f5 23. e3 Rd5 24. Kf2 Kh8 25. h3 Red8 26. Bd4 Be7 27. Rcd1 Qd7 28. Rd2 Nxd4 29. Rxd4 Bf6 30. c6 bxc6 31. Rc4 Rb8 32. Re2 Qd6 33. Rxc6 Qxa3 34. Nd4 Bxd4 35. exd4 Rb3 36. Rxh6+ gxh6 37. Re8+ Kg7 38. Qxc7+ Kf6 0-1

[Event "26th Bosnjaci Open 2022"]
[Site "Bosnjaci"]
[Date "2022.01.04"]
[Round "3.3"]
[White "Kovacevic, Blazimir"]
[Black "Saric, Kristina"]
[Result "1/2-1/2"]
[ECO "E01"]
[WhiteElo "2399"]
[BlackElo "2148"]
[Annotator "ChessBase"]
[PlyCount "77"]
[EventDate "2022.01.03"]
[EventType "swiss"]
[EventCountry "CRO"]
[SourceTitle "playchess.com"]
[Source "ChessBase"]
[SourceQuality "1"]
[TimeControl "5400+30"]

1. Nf3 d5 2. g3 Nf6 3. Bg2 c5 4. O-O Nc6 5. d4 e6 6. c4 cxd4 7. Nxd4 Bc5 8. Nxc6 bxc6 9. Qc2 Be7 10. b3 O-O 11. Rd1 Bb7 12. Nc3 Qc7 13. Na4 Rfd8 14. cxd5 Nxd5 15. Bb2 c5 16. a3 Rac8 17. Rac1 h5 18. b4 c4 19. Bd4 Nb6 20. Bxb7 Qxb7 21. Nc5 Qc6 22. a4 e5 23. Bxe5 Bxc5 24. bxc5 Qxc5 25. Bc3 h4 26. a5 hxg3 27. hxg3 Nd5 28. Qf5 Qc6 29. Bd4 c3 30. Rd3 c2 31. Qg5 Qh6 32. Qxh6 gxh6 33. Bxa7 Nb4 34. Rxd8+ Rxd8 35. Be3 Rc8 36. Ra1 Rd8 37. Rc1 Rc8 38. Ra1 Rd8 39. Rc1 1/2-1/2